 Dungeon Crawl Stone Soup version 0.29-a0-344-ge2f44be95a (webtiles) character file.

Game seed: 15805675736277911743

1367 Jortsu the Twirler (level 8, -1/62 HPs)
             Began as a Formicid Fighter on Apr 21, 2022.
             Was an Initiate of Yredelemnul.
             Slain by a wraith (4 damage)
             ... on level 6 of the Dungeon.
             The game lasted 00:11:21 (6991 turns).

Jortsu the Twirler (Formicid Fighter)               Turns: 6991, Time: 00:11:22

Health: -1/62      AC: 13    Str: 28    XL:     8   Next: 97%
Magic:  8/8        EV:  8    Int:  9    God:    Yredelemnul [......]
Gold:   318        SH: 11    Dex: 10    Spells: 7/7 levels left

rFire   . . .      SeeInvis +   a - +1 quarterstaff (drain)
rCold   . . .      Faith    .   c - +1 buckler
rNeg    . . .      Spirit   .   p - +0 chain mail
rPois   .          Reflect  +   (helmet unavailable)
rElec   .          Harm     .   i - +2 cloak
rCorr   +          Rampage  .   (no gloves)
Will    .....                   (no boots)
Stlth   ..........              q - amulet of reflection
HPRegen 0.20/turn               l - ring of resist corrosion
MPRegen 0.11/turn               n - +6 ring of strength

@: no status effects
A: permanent stasis, dig shafts and tunnels, antennae 3, four strong arms
a: Dig, Shaft Self, Renounce Religion, Recall Undead Harvest


You were on level 6 of the Dungeon.
You worshipped Yredelemnul.
Yredelemnul was noncommittal.
You visited 1 branch of the dungeon, and saw 6 of its levels.
You also visited: Sewer.

You collected 318 gold pieces.

Inventory:

Hand Weapons
 a - a +1 quarterstaff of draining (weapon)
Armour
 c - a +1 buckler (worn)
 i - a +2 cloak (worn)
 p - a +0 chain mail (worn)
Jewellery
 l - a ring of resist corrosion (left hand)
 n - a +6 ring of strength (right hand)
 q - an amulet of reflection (around neck)
Wands
 b - a wand of polymorph (11)
Scrolls
 e - a scroll of magic mapping
 f - 2 scrolls of vulnerability
 h - 2 scrolls of enchant weapon
 v - a scroll of identify
Potions
 d - a potion of might
 g - 6 potions of curing
 j - 2 potions of heal wounds
 k - a potion of attraction
 m - a potion of cancellation
 o - a potion of mutation
 r - a potion of berserk rage
 s - a potion of haste {unknown}
 t - a potion of ambrosia {unknown}
 u - a potion of brilliance {unknown}
 w - a potion of invisibility {unknown}


   Skills:
 + Level 5.0 Fighting
 + Level 7.2 Staves
 + Level 6.2 Armour
 + Level 1.1 Dodging
 + Level 1.6 Stealth
 + Level 6.1 Shields


You had 7 spell levels left.
You didn't know any spells.
Your spell library contained the following spells:

 Spells                   Type           Power      Damage    Failure   Level
 Ensorcelled Hibernation  Hex/Ice        0%         N/A       98%         2
 Spider Form              Tmut/Pois      0%         N/A       100%        3
 Anguish                  Hex/Necr       0%         N/A       100%        4
 Chain Lightning          Conj/Air       0%         N/A       100%        9
 Fire Storm               Conj/Fire      0%         5d1       100%        9
 Shatter                  Erth           0%         3d5*      100%        9


Dungeon Overview and Level Annotations

Branches:
Dungeon (6/15)             Temple (0/1) D:6           Sewer (visited)

Altars:
Uskayaw
Yredelemnul


Innate Abilities, Weirdness & Mutations

You cannot be hasted, slowed, berserked, paralysed or teleported.
You can dig through walls and to a lower floor.
You have a pair of large antennae on your head. (SInv)
Your four strong arms can wield two-handed weapons with a shield.


Message History

* * * LOW HITPOINT WARNING * * *
The wraith drains your vigour!
Your stasis prevents you from being slowed.
The hound closely misses you.
Your gnoll zombie misses the hound.
You barely miss the wraith.
The wraith is heavily damaged.
The hound closely misses you. You block the wraith's attack.
You block the hound's attack.
You closely miss the wraith.
The wraith is heavily damaged.
You block the wraith's attack. You block the hound's attack.
Your gnoll zombie barely misses the hound.
You closely miss the hound. You block the hound's attack.
The wraith closely misses you.
Your gnoll zombie hits the hound.
You bludgeon the hound!!
You kill the hound!
A black mist starts to gather...
You block the wraith's attack.
You hit the wraith but do no damage.
The wraith is heavily damaged.
The wraith hits you.
* * * LOW HITPOINT WARNING * * *
The wraith drains your vigour!
Your stasis prevents you from being slowed.
Your hound zombie closely misses the wraith.
You barely miss the wraith.
The wraith is heavily damaged.
Your gnoll zombie hits the wraith but does no damage.
Your hound zombie bites the wraith but does no damage.
The wraith hits you!
* * * LOW HITPOINT WARNING * * *
The wraith attacks as you move away! The wraith hits you but does no damage.
Your hound zombie barely misses the wraith.
Your gnoll zombie closely misses the wraith.
The wraith attacks as you move away! The wraith hits you but does no damage.
Your hound zombie bites the wraith but does no damage.
You hit the wraith.
The wraith is heavily damaged.
The wraith hits you.
You die...
Your body rises from the dead as a mindless zombie.

#..........
##..
##..........
#..
#..........#
#..
#..........#
##.
#.....$...#
##
#........# #
##ZZ...###
##W#####
#####@##
#..##.# ###
##....##
##.#
#......##
#..##
#.......##
#...#
#........#
#...##
#..).....#
##...##
#<.).....##
# #....#
##........#
##


You could see a wraith (ally target), a friendly hound zombie and a friendly
gnoll zombie.

Vanquished Creatures
  A water moccasin (D:4)
  Pargi (Sewer)
  A phantom (D:6)
  A gnoll sergeant (D:5)
  A scorpion (D:5)
  4 wights (D:5)
  A gnoll shaman (D:6)
  2 orc priests
  5 hounds
  A jelly (D:4)
  An iguana (D:5)
  4 orc wizards
  11 gnolls
  10 adders
  2 ufetubi (D:4)
  An adder zombie (D:2)
  2 worms
  A dart slug (D:3)
  5 orcs
  6 ball pythons
  6 bats
  9 endoplasms
  2 giant cockroaches (D:1)
  4 goblins
  6 hobgoblins
  7 jackals
  A quokka (D:1)
  A frilled lizard (D:3)
  A hobgoblin zombie (D:2)
  11 kobolds
  5 rats
  A spectral endoplasm (D:2)
115 creatures vanquished.

Vanquished Creatures (collateral kills)
  A wight (D:5)
  An adder (D:4)
  A worm (D:4)
  2 orcs
  A bat (D:2)
  An endoplasm (D:1)
  A hobgoblin (D:2)
  A frilled lizard (D:2)
  A rat (D:4)
10 creatures vanquished.

Vanquished Creatures (others)
  An orc zombie (D:5)
  An adder zombie (D:5)
  A ball python zombie (D:4)
  3 gnoll zombies (D:6)
  A hobgoblin zombie (D:3)
7 creatures vanquished.

Grand Total: 132 creatures vanquished

Notes
Turn   | Place    | Note
-------+----------+-------------------------------------------
     0 | D:1      | Jortsu the Formicid Fighter began the quest for the Orb.
     0 | D:1      | Reached XP level 1. HP: 18/18 MP: 1/1
   254 | D:1      | Reached XP level 2. HP: 17/24 MP: 2/2
   564 | D:1      | Reached XP level 3. HP: 19/29 MP: 3/3
   955 | D:1      | Found a faded altar of an unknown god.
   961 | D:1      | Prayed at the altar of an unknown god.
   961 | D:1      | Became a worshipper of Yredelemnul the Dark
   961 | D:1      | Reached * piety under Yredelemnul
  1345 | D:2      | Reached XP level 4. HP: 32/37 MP: 4/4
  1588 | D:2      | Reached skill level 3 in Staves
  1858 | D:2      | Reached ** piety under Yredelemnul
  1893 | D:2      | Reached XP level 5. HP: 38/42 MP: 5/5
  2982 | D:3      | Found a faded altar of an unknown god.
  3278 | D:3      | Found a hide-covered altar of Uskayaw.
  3493 | D:4      | Reached XP level 6. HP: 48/48 MP: 6/6
  3765 | D:4      | Reached skill level 4 in Staves
  3767 | D:4      | Reached skill level 1 in Stealth
  3839 | D:4      | Found a glowing drain.
  3856 | Sewer    | Entered a sewer
  4055 | Sewer    | Noticed Pargi
  4060 | Sewer    | Killed Pargi
  4114 | Sewer    | Reached XP level 7. HP: 54/54 MP: 7/7
  4464 | D:5      | Entered Level 5 of the Dungeon
  4557 | D:5      | Noticed a water moccasin
  4564 | D:4      | Reached skill level 5 in Armour
  4737 | D:4      | Reached skill level 5 in Staves
  4740 | D:4      | Killed a water moccasin
  4741 | D:4      | Reached skill level 5 in Shields
  5031 | D:5      | Reached XP level 8. HP: 61/61 MP: 8/8
  5043 | D:5      | Reached skill level 6 in Staves
  5163 | D:5      | Reached skill level 1 in Dodging
  6277 | D:6      | Reached skill level 5 in Fighting
  6465 | D:5      | Reached skill level 7 in Staves
  6800 | D:6      | Found a staircase to the Ecumenical Temple.
  6961 | D:6      | Noticed a wraith
  6987 | D:6      | HP: 2/62 [wraith (10)]
  6991 | D:6      | Slain by a wraith

Illustrated notes

Levels and vault maps discovered:
D:1:      dpeg_arrival_brainrot, layout_loops_ring,
          shapermc_ecumenical_altar_venn, serial_park_tiny_1
D:2:      layout_loops_ring
D:3:      layout_basic, nicolae_overflow_ecumenical_swirl
D:4:      layout_basic, portal_sewer_entry_b
D:5:      layout_basic
D:6:      layout_cave_pods, minmay_temple_entry_statues_pillars

Skill      XL: |  1  2  3  4  5  6  7  8 |
---------------+-------------------------+-----
Shields        | 4 5 6 |  6.1
Staves         | 3 4 5 7 |  7.2
Armour         | 4 5 6 |  6.2
Fighting       | 4 5 |  5.0
Stealth        | 1 |  1.6
Dodging        | 1 |  1.1

Action                   |  1- 3 |  4- 6 |  7- 9 || total
-------------------------+-------+-------+-------++-------
Melee: Quarterstaff      |    84 |   126 |   161 ||   371
  Use: Scroll            |     4 |     9 |     6 ||    19
       Potion            |       |     1 |       ||     1
 Stab: Distracted        |       |     1 |       ||     1
Armor: Scale mail        |    29 |    26 |       ||    55
       Chain mail        |       |    41 |    68 ||   109
Dodge: Dodged            |    45 |    55 |    56 ||   156
Block: Buckler           |    21 |    55 |   134 ||   210
       Reflection        |       |     1 |       ||     1

Table legend: (Time is in decaauts)
 A = Elapsed time spent in this place.
 B = Non-inter-level travel time spent in this place.
 C = Inter-level travel time spent in this place.
 D = Time resting spent in this place.
 E = Time spent auto-exploring this place.
 F = Levels seen in this place.
 G = Mean time per level.
                   A        B        C        D        E       F      G
               +--------+--------+--------+--------+--------+-----+--------+
         Total |   7043 |   6940 |    103 |   1595 |   3709 |   7 | 1006.1 |
       Dungeon |   6708 |   6605 |    103 |   1422 |   3709 |   6 | 1118.0 |
         Sewer |    334 |    334 |      0 |    173 |      0 |   1 |  334.0 |
               +--------+--------+--------+--------+--------+-----+--------+

Top non-repeatable levels by time:
     D:5: 1565 daAuts
     D:1: 1324 daAuts
     D:3: 1086 daAuts
     D:4: 1054 daAuts
     D:2: 1028 daAuts
     D:6: 649 daAuts
   Sewer: 334 daAuts
